 Dungeon Crawl Stone Soup version 0.18-a0-1485-g189885c (webtiles) character file.

65 uiiiytp the Charmwright (level 3, -1/25 HPs)
             Began as a High Elf Skald on Mar 3, 2016.
             Slain by a kobold
             ... wielding a +2 vampiric short sword
              (4 damage)
             ... on level 2 of the Dungeon.
             The game lasted 00:16:44 (2364 turns).

uiiiytp the Charmwright (High Elf Skald)            Turns: 2364, Time: 00:16:44

Health: -1/25      AC:  3    Str: 11    XL:     3   Next: 92%
Magic:  2/8        EV: 11    Int: 17    God:
Gold:   107        SH:  0    Dex: 14    Spells: 3 memorised, 2 levels left

rFire  . . .     SeeInvis .     a - +0 spear
rCold  . . .     Gourm    .     b - +0 leather armour
rNeg   . . .     Faith    .     (no shield)
rPois  .         Spirit   .     (no helmet)
rElec  .         Dismiss  .     (no cloak)
rCorr  .         Reflect  .     (no gloves)
SustAt .         Harm     .     (no boots)
MR     .....                    (no amulet)
Stlth  +.........               (no ring)
                                (no ring)

@: not resistant to hostile enchantments, very unstealthy
A: no striking features
a: no special abilities


You were on level 2 of the Dungeon.
You were not hungry.

You visited 1 branch of the dungeon, and saw 2 of its levels.

You collected 107 gold pieces.

Inventory:

Hand Weapons
 a - a +0 spear (weapon)
 f - a +0 club
 j - a +0 club
 l - a +0 club
 m - a +0 vampiric dagger
 p - a +0 club
 s - a +0 hand axe
 t - a +0 club
 v - a +0 club
 w - a +0 club
Missiles
 i - 34 stones (quivered)
 o - 29 bolts
 A - 9 sling bullets
Armour
 b - a +0 leather armour (worn)
 g - a +0 ring mail
 z - a +0 robe
Scrolls
 e - 2 scrolls of identify
 h - 2 scrolls of teleportation
 n - a scroll of immolation {unknown}
 x - a scroll of fog {unknown}
 y - a scroll of magic mapping {unknown}
Potions
 k - a potion of agility {unknown}
 q - 3 potions of curing {unknown}
 r - a potion of magic {unknown}
Books
 c - a book of Battle

   Spells                             Type                      Level
   a - Infusion                       Charms                       1
   b - Shroud of Golubria             Charms/Translocation         2
   c - Song of Slaying                Charms                       2
   d - Spectral Weapon                Hexes/Charms                 3
   e - Regeneration                   Charms/Necromancy            3
Comestibles
 d - a bread ration
 u - 2 chunks of flesh


   Skills:
 + Level 2.3 Fighting
 + Level 2.0 Polearms
 + Level 1.2 Armour
 + Level 1.5 Dodging
 + Level 0.5 Stealth
 + Level 3.0 Spellcasting
 + Level 4.2 Charms
 + Level 0.7 Translocations


You had 2 spell levels left.
You knew the following spells:

 Your Spells              Type           Power        Failure   Level  Hunger
a - Infusion              Chrm           ###.         6%          1    None
b - Shroud of Golubria    Chrm/Tloc      ##........   14%         2    ##.....
c - Spectral Weapon       Hex/Chrm       #.......     34%         3    ###....


Dungeon Overview and Level Annotations

Branches:
Dungeon (2/15)

Altars:


Message History

You closely miss the kobold.
Your shroud bends the kobold's attack away.
You hit the kobold.
The kobold is heavily wounded.
The kobold hits you with a vampiric short sword.
Your shroud falls apart!
The kobold draws strength from your injuries!
Your leather armour prevents you from hitting the kobold.
The kobold hits you with a vampiric short sword.
You barely miss the kobold.
The kobold hits you with a vampiric short sword.
Casting: Shroud of Golubria
Confirm with . or Enter, or press ? or * to list all spells.
You draw out your weapon's spirit!
The kobold hits you with a vampiric short sword.
* * * LOW HITPOINT WARNING * * *
The kobold hits you with a vampiric short sword.
* * * LOW HITPOINT WARNING * * *
The kobold hits you with a vampiric short sword.
You die...

#... #..## #....
#############...#
.................
#........###.#.#
#........# #.#..
####........# #.#.. #'#
#.@(........# #....
.....##K##........######.
......((#...............#
.....####.#######.#####..
#### #.# #.# #..
####'#######.# #..
#.....##...#.# #.#
#.....##...#.# #.
#.....'......#


You could see a kobold and a friendly spectral spear.

Vanquished Creatures
  2 adders (D:2)
  2 oozes
  A giant gecko (D:2)
  A bat (D:1)
  3 giant cockroaches (D:1)
  3 goblins (D:1)
  6 hobgoblins
  4 jackals (D:1)
  7 kobolds
  A ball python (D:1)
  A giant newt (D:1)
  3 rats (D:1)
34 creatures vanquished.

Notes
Turn   | Place    | Note
--------------------------------------------------------------
     0 | D:1      | uiiiytp the High Elf Skald began the quest for the Orb.
     0 | D:1      | Reached XP level 1. HP: 14/14 MP: 4/4
    13 | D:1      | Reached skill level 1 in Armour
   578 | D:1      | Reached XP level 2. HP: 19/19 MP: 3/6
   585 | D:1      | Learned a level 2 spell: Shroud of Golubria
  1588 | D:1      | Reached XP level 3. HP: 23/25 MP: 5/8
  1593 | D:1      | Learned a level 3 spell: Spectral Weapon
  1912 | D:2      | Reached skill level 4 in Charms
  2364 | D:2      | Slain by a kobold

Vault maps used:
D:1:      minmay_arrival_split_and_join
D:2:      old_standard_altar

Skill      XL: |  1  2  3 |
---------------+----------+-----
Armour         | 1 |  1.2
Charms         | 4 |  4.2
Spellcasting   | 3 |  3.0
Polearms       | 2 |  2.0
Fighting       | |  2.3
Dodging        | |  1.5
Stealth        | |  0.5
Translocations | |  0.7

Action                   || total
-------------------------++-------
Melee: Spear             ||   123
 Cast: Infusion          ||     4
       Shroud of Golubri ||    21
       Spectral Weapon   ||     8
  Use: Scroll            ||     1
 Stab: Sleeping          ||     1
  Eat: Fruit             ||     3
       Chunk             ||     4
